 Dungeon Crawl Stone Soup version 0.27-a0-860-gaf99fae3ca (webtiles) character file.

Game seed: 18092258180630148733

16247 robertstho the Grappler (level 12, -4/118 HPs)
             Began as a Troll Delver on Apr 1, 2021.
             Was a High Priest of the Shining One.
             Slain by a freezing wraith (15 damage)
             ... in an ice cave.
             The game lasted 00:15:51 (9612 turns).

robertstho the Grappler (Troll Delver)              Turns: 9612, Time: 00:15:52

Health: -4/118     AC: 10    Str: 27    XL:     12   Next: 8%
Magic:  14/14      EV:  8    Int:  6    God:    the Shining One [*****.]
Gold:   672        SH: 10    Dex: 11    Spells: 11/11 levels left

rFire    x . .     SeeInvis .     - Unarmed
rCold    + + +     Faith    .   z - +2 kite shield {AC+3}
rNeg     + + .     Spirit   .   J - +2 robe {rC+}
rPois    .         Reflect  .   (helmet restricted)
rElec    .         Harm     .   x - +0 cloak
rCorr    .         Rampage  .   (gloves unavailable)
Will     .....                  (boots unavailable)
Stlth    +.........             (no amulet)
HPRegen  1.29/turn              q - ring of protection from cold
MPRegen  0.14/turn              h - ring of ice

@: hasted and slowed, glowing
A: large, unfitting armour, claws 3, regeneration 1, shaggy fur 1, tough skin 1
a: Renounce Religion, Divine Shield, Cleansing Flame, Summon Divine Warrior


You were in an ice cave.
You worshipped the Shining One.
The Shining One was extremely pleased with you.
You visited 1 branch of the dungeon, and saw 12 of its levels.
You also visited: Ice Cave.

You collected 672 gold pieces.

Inventory:

Hand Weapons
 v - a +4 flail
 G - a +5 flail
Missiles
 k - 4 large rocks (quivered)
 w - a curare-tipped dart
Armour
 m - +0 acid dragon scales
 x - a +0 cloak (worn)
 z - a +2 kite shield of protection (worn)
 J - a +2 robe of cold resistance (worn)
Jewellery
 g - a ring of positive energy
 h - a ring of ice (right claw)
 o - a ring of fire
 q - a ring of protection from cold (left claw)
 B - a +4 ring of evasion
Wands
 f - a wand of digging (6)
Scrolls
 b - 3 scrolls of fog
 c - 3 scrolls of magic mapping
 d - a scroll of vulnerability {unknown}
 i - 5 scrolls of teleportation {unknown}
 n - 4 scrolls of blinking
 p - a scroll of amnesia {unknown}
 s - 4 scrolls of enchant armour {unknown}
 D - 3 scrolls of brand weapon {unknown}
 E - a scroll of silence {unknown}
Potions
 e - 4 potions of mutation
 j - a potion of cancellation
 r - a potion of flight {unknown}
 u - 2 potions of lignification
 A - a potion of berserk rage
 I - a potion of might


   Skills:
 * Level 7.1 Fighting
 + Level 3.7 Armour
 + Level 4.9 Dodging
 - Level 2.7 Stealth
 + Level 1.6 Shields
 * Level 14.8 Unarmed Combat
 * Level 5.3 Invocations


You had 11 spell levels left.
You didn't know any spells.
Your spell library contained the following spells:

 Spells                   Type           Power      Damage    Failure   Level
 Animate Skeleton         Necr           0%         N/A       94%         1
 Apportation              Tloc           0%         N/A       94%         1
 Corona                   Hex            0%         N/A       94%         1
 Magic Dart               Conj           0%         1d3       94%         1
 Summon Small Mammal      Summ           0%         N/A       94%         1
 Blink                    Tloc           N/A        N/A       98%         2
 Call Imp                 Summ           0%         N/A       98%         2
 Ensorcelled Hibernation  Hex/Ice        0%         N/A       98%         2
 Slow                     Hex            0%         N/A       98%         2
 Confusing Touch          Hex            0%         N/A       100%        3
 Conjure Flame            Conj/Fire      0%         6-21      100%        3
 Dazzling Flash           Conj/Hex       0%         N/A       100%        3
 Gell's Gravitas          Tloc           0%         N/A       100%        3
 Inner Flame              Hex/Fire       0%         N/A       100%        3
 Mephitic Cloud           Conj/Pois/Air  0%         N/A       100%        3
 Portal Projectile        Hex/Tloc       0%         N/A       100%        3
 Tukima's Dance           Hex            0%         N/A       100%        3
 Cause Fear               Hex            0%         N/A       100%        4
 Leda's Liquefaction      Hex/Erth       0%         N/A       100%        4
 Petrify                  Tmut/Erth      0%         N/A       100%        4
 Irradiate                Conj/Tmut      0%         3d14      100%        5
 Metabolic Englaciation   Hex/Ice        0%         N/A       100%        5
 Yara's Violent Unravell  Hex/Tmut       0%         3d3       100%        5
 Blade Hands              Tmut           0%         N/A       100%        6
 Statue Form              Tmut/Erth      0%         N/A       100%        6
 Dragon Form              Tmut           0%         N/A       100%        7


Dungeon Overview and Level Annotations

Branches:
Dungeon (12/15)            Temple (0/1) D:7            Lair (0/6) D:11
    Orc (0/2) D:12          IceCv (1/1)

Altars:
Ashenzari
Dithmenos
Gozag
Uskayaw
Wu Jian
Xom
Yredelemnul
Zin
The Shining One

Annotations:
D:9 2 runed translucent doors, exclusion: orange crystal statue


Innate Abilities, Weirdness & Mutations

You are too large for most types of armour.
You have claws for hands.
Your natural rate of healing is unusually fast.
You are covered in fur. (AC +1)
You have tough skin. (AC +1)


Message History

The freezing wraith hits you. The freezing wraith drains your vigour!
You feel as though you will be slow longer.
You block the freezing wraith's attack. x2
You block the freezing wraith's attack. The freezing wraith hits you.
The freezing wraith drains your vigour!
You feel as though you will be slow longer.
The freezing wraith hits you! The freezing wraith freezes you. You resist.
The freezing wraith hits you but does no damage.
You scratch the freezing wraith but do no damage.
The freezing wraith hits you. The freezing wraith freezes you. You resist.
The freezing wraith hits you!
* * * LOW HITPOINT WARNING * * *
The freezing wraith drains your vigour!
You feel as though you will be slow longer.
Unknown command.
You feel yourself speed up. You block the freezing wraith's attack.
The freezing wraith hits you!
* * * LOW HITPOINT WARNING * * *
The freezing wraith drains your vigour!
You feel as though you will be slow longer.
The freezing wraith hits you but does no damage.
The freezing wraith hits you!
* * * LOW HITPOINT WARNING * * *
The freezing wraith hits you.
* * * LOW HITPOINT WARNING * * *
The freezing wraith freezes you. You resist.
* * * LOW HITPOINT WARNING * * *
You block the freezing wraith's attack. x2; The freezing wraith hits you.
* * * LOW HITPOINT WARNING * * *
The freezing wraith hits you but does no damage.
The freezing wraith hits you.
* * * LOW HITPOINT WARNING * * *
The freezing wraith drains your vigour!
You feel as though you will be slow longer.
As you read the scroll of fear, it crumbles to dust.
You assume a fearsome visage.
The white imp is unaffected.
The freezing wraith is unaffected. x3; The white imp is unaffected.
The freezing wraith hits you but does no damage.
The freezing wraith hits you!
You die...

.## #..## ##.##
..####..#
##...#####
#...#...#
#..#.....## .#
##.....##
##..##.....# ..#
###...##
#..###.....##..
.######
##..###.......#
..##
#..###........#
...## ##..#
#.......## #...##
#..## #.@....##
##...####.##
##WW....#
##...##..#
##..#...##
##..#..####5.###.(#
#.....# #.W## #[)#
##...## ##5.######
##### ###.5##
##.##5.# ##...#.5#


You could see 3 freezing wraiths and 2 white imps.

Vanquished Creatures
  Fannar (D:11)
  A two-headed ogre (D:11)
  A tengu warrior (D:11)
  An ugly thing (D:12)
  A deep elf pyromancer (D:12)
  A manticore (D:11)
  Joseph (D:8)
  Maurice (D:8)
  Maggie (D:6)
  2 gargoyles
  An unseen horror (D:11)
  7 freezing wraiths (IceCv)
  A komodo dragon (D:11)
  A kobold demonologist (D:12)
  A tengu conjurer (D:11)
  Prince Ribbit (D:8)
  4 slime creatures (D:12)
  6 yaks (D:8)
  3 wyverns
  4 shadows
  A wraith (D:10)
  A steam dragon (D:9)
  A death yak simulacrum (IceCv)
  Edmund (D:6)
  An acid dragon (D:9)
  4 water moccasins
  2 orc warriors
  6 ice beasts (IceCv)
  A black bear (D:6)
  An alligator simulacrum (IceCv)
  3 necrophages
  2 ogres
  6 centaurs
  A phantom (D:4)
  2 kobold brigands
  4 bullfrogs
  A gnoll sergeant (D:11)
  2 wyvern zombies
  19 killer bees
  3 howler monkeys
  5 wights (D:8)
  2 centaur zombies
  A gnoll shaman (D:6)
  7 hounds
  4 jellies
  3 orc priests
  2 bullfrog skeletons
  3 centaur skeletons
  3 iguanas
  2 orc wizards
  A polar bear simulacrum (IceCv)
  A wolf simulacrum (IceCv)
  A killer bee zombie (D:5)
  A centaur simulacrum (IceCv)
  A hound zombie (D:5)
  4 adders
  20 gnolls
  18 white imps
  An ufetubus (D:6)
  A worm (D:2)
  2 dart slugs
  25 orcs
  5 bats
  7 endoplasms
  4 giant cockroaches
  8 goblins
  6 hobgoblins
  2 jackals (D:3)
  14 kobolds
  2 quokkas
  4 ball pythons
  2 frilled lizards (D:1)
  6 rats
270 creatures vanquished.

Vanquished Creatures (others)
  A gnoll (D:11)
  8 plants (D:11)
9 creatures vanquished.

Grand Total: 279 creatures vanquished

Notes
Turn   | Place    | Note
-------+----------+-------------------------------------------
     0 | D:5      | robertstho the Troll Delver began the quest for the Orb.
     0 | D:5      | Reached XP level 1. HP: 22/22 MP: 0/0
    50 | D:5      | Reached XP level 2. HP: 27/31 MP: 1/1
    56 | D:5      | Noticed a water moccasin
   195 | D:4      | Noticed a howler monkey
   219 | D:3      | Noticed a necrophage
   230 | D:3      | Killed a necrophage
   231 | D:3      | Reached skill level 3 in Unarmed Combat
   231 | D:3      | Reached XP level 3. HP: 26/39 MP: 2/2
   231 | D:3      | Reached XP level 4. HP: 32/48 MP: 3/3
   242 | D:3      | Reached XP level 5. HP: 25/54 MP: 4/4
  1040 | D:1      | Found a faded altar of an unknown god.
  1716 | D:2      | Reached skill level 4 in Unarmed Combat
  1876 | D:3      | Noticed a water moccasin
  1893 | D:3      | Killed a water moccasin
  1894 | D:3      | Reached XP level 6. HP: 13/62 MP: 5/5
  1987 | D:3      | Found a broken altar of Ashenzari.
  2173 | D:3      | Reached skill level 5 in Unarmed Combat
  2633 | D:4      | Reached skill level 6 in Unarmed Combat
  2633 | D:4      | Reached XP level 7. HP: 70/71 MP: 6/6
  3005 | D:5      | Reached skill level 7 in Unarmed Combat
  3233 | D:5      | Reached XP level 8. HP: 38/79 MP: 7/7
  3333 | D:5      | Reached skill level 8 in Unarmed Combat
  3637 | D:5      | Found a shadowy altar of Dithmenos.
  3637 | D:5      | Found a glowing golden altar of the Shining One.
  3794 | D:5      | Became a worshipper of the Shining One
  3933 | D:6      | Found a basalt altar of Yredelemnul.
  4142 | D:6      | Reached skill level 9 in Unarmed Combat
  4203 | D:6      | Noticed Maggie
  4225 | D:6      | Killed Maggie
  4226 | D:6      | Reached skill level 5 in Fighting
  4226 | D:6      | Reached skill level 1 in Invocations
  4230 | D:6      | Reached XP level 9. HP: 31/88 MP: 7/9
  4389 | D:6      | Reached skill level 10 in Unarmed Combat
  4399 | D:6      | Noticed Edmund
  4410 | D:6      | Killed Edmund
  4818 | D:7      | Reached * piety under the Shining One
  4825 | D:7      | Found a staircase to the Ecumenical Temple.
  5327 | D:7      | Found a shimmering altar of Xom.
  5385 | D:7      | Found a hide-covered altar of Uskayaw.
  5393 | D:7      | Reached skill level 1 in Armour
  5557 | D:8      | Noticed Maurice
  5564 | D:8      | Killed Maurice
  5680 | D:8      | Reached skill level 11 in Unarmed Combat
  5857 | D:8      | Noticed Joseph
  5866 | D:8      | Reached XP level 10. HP: 63/98 MP: 11/11
  5900 | D:8      | Reached ** piety under the Shining One
  5909 | D:8      | Found a glowing silver altar of Zin.
  5909 | D:8      | Found an opulent altar of Gozag.
  5929 | D:8      | HP: 4/94 [wight/+0 battleaxe (15)]
  6148 | D:8      | Killed Joseph
  6234 | D:8      | Reached skill level 12 in Unarmed Combat
  6234 | D:8      | Noticed Prince Ribbit
  6240 | D:8      | Killed Prince Ribbit
  6644 | D:9      | Found a runed translucent door.
  6644 | D:9      | Noticed an orange crystal statue
  6656 | D:9      | Found the +10 tower shield of Ignorance {rN+ Int-4}
  6763 | D:9      | Found an ornate altar of the Wu Jian Council.
  7294 | D:9      | Found a runed translucent door.
  7613 | D:10     | Entered Level 10 of the Dungeon
  8194 | D:10     | Reached skill level 13 in Unarmed Combat
  8401 | D:11     | Noticed a tengu warrior
  8409 | D:11     | Reached XP level 11. HP: 106/106 MP: 13/13
  8423 | D:11     | Killed a tengu warrior
  8781 | D:11     | Noticed a two-headed ogre
  8788 | D:11     | Killed a two-headed ogre
  8812 | D:11     | Noticed Fannar
  8827 | D:11     | Killed Fannar
  8958 | D:11     | Found a staircase to the Lair.
  9086 | D:12     | Noticed a red ugly thing
  9086 | D:12     | Noticed a deep elf pyromancer
  9092 | D:12     | Killed a deep elf pyromancer
  9101 | D:12     | Killed a red ugly thing
  9102 | D:12     | Reached skill level 14 in Unarmed Combat
  9120 | D:12     | Reached *** piety under the Shining One
  9134 | D:12     | Reached skill level 5 in Invocations
  9156 | D:12     | Found a frozen archway.
  9164 | D:12     | Reached skill level 1 in Shields
  9207 | IceCv    | Entered an ice cave
  9207 | IceCv    | Reached **** piety under the Shining One
  9502 | IceCv    | Reached XP level 12. HP: 116/118 MP: 14/14
  9531 | IceCv    | Reached ***** piety under the Shining One
  9588 | IceCv    | Found an ancient bone altar of Kikubaaqudgha.
  9612 | IceCv    | Slain by a freezing wraith

Illustrated notes

Levels and vault maps discovered:
D:1:      lightli_arrival_noodles, layout_basic, basic_ecumenical_altar
D:2:      layout_basic
D:3:      layout_basic, cheibrodos_ashenzari_chains, minmay_misc_feat_room,
          hangedman_decor_growths
D:4:      layout_basic, kennysheep_small_circle
D:5:      layout_gridville, gammafunk_temple_overflow_elements,
          kennysheep_cross_bottleneck, corexii_checkpoint_b,
          minmay_misc_feat_square
D:6:      layout_basic, general_overflow_altar, minmay_chambers_of_fives,
          uniq_edmund, uniq_maggie
D:7:      layout_gridville, kennysheep_little_box, nicolae_uskayaw_dance_studio,
          minmay_temple_entry_glassed_door, serial_co_window_serial,
          co_window_corner_a, co_window_corner_a, co_window_paths_a,
          co_window_corner_a, co_window_corner_a, co_window_broadway_a,
          co_window_2corner, co_window_corner_cb, co_window_broadway_b,
          co_window_unsneaky_path_b, glass_columns_a, glass_columns_b,
          glass_columns_b, glass_columns_b, glass_columns_a
D:8:      layout_cave_pools, grunt_temple_overflow_gold_and_silver,
          grunt_ministairs_13, uniq_joseph, uniq_prince_ribbit1, uniq_maurice
D:9:      layout_stronghold, overflow_temple_1_default,
          chequers_guarded_unrand_ignorance
D:10:     layout_rooms, minmay_tree_intersection
D:11:     layout_gridville, david_lair_shrubbed, minmay_door_square, uniq_fannar
D:12:     layout_long_grid, david_orc_2, portal_ice_cave_entry_imps
IceCv:    ice_cave_small_necro

Skill      XL: |  1  2  3  4  5  6  7  8  9 10 11 |
---------------+----------------------------------+-----
Fighting       | 3 4 5 6 7 |  7.1
Unarmed Combat | 3 4 6 7 9 11 13 14 | 14.8
Dodging        | 2 3 4 |  4.9
Invocations    | 1 3 4 5 |  5.3
Armour         | 2 3 |  3.7
Shields        | 1 |  1.6
Stealth        | |  2.7

Action                   |  1- 3 |  4- 6 |  7- 9 | 10-12 || total
-------------------------+-------+-------+-------+-------++-------
Melee: Unarmed           |    11 |   180 |   268 |   356 ||   815
       Punch             |       |     3 |     9 |    14 ||    26
  Use: Scroll            |     2 |     2 |     2 |     7 ||    13
       Potion            |     2 |       |     3 |     8 ||    13
 Stab: Sleeping          |     1 |    12 |     1 |       ||    14
Armor: Robe              |    10 |    38 |    27 |    23 ||    98
       Acid dragon scale |       |       |    44 |    93 ||   137
Dodge: Dodged            |    16 |    84 |    99 |   251 ||   450
Block: Kite shield       |       |       |       |    96 ||    96

Table legend: (Time is in decaauts)
 A = Elapsed time spent in this place.
 B = Non-inter-level travel time spent in this place.
 C = Inter-level travel time spent in this place.
 D = Time resting spent in this place.
 E = Time spent auto-exploring this place.
 F = Levels seen in this place.
 G = Mean time per level.
                   A        B        C        D        E       F      G
               +--------+--------+--------+--------+--------+-----+--------+
         Total |   9478 |   8942 |    536 |    822 |   6301 |  13 |  729.1 |
       Dungeon |   9050 |   8514 |    536 |    640 |   6217 |  12 |  754.2 |
      Ice Cave |    427 |    427 |      0 |    181 |     84 |   1 |  427.0 |
               +--------+--------+--------+--------+--------+-----+--------+

Top non-repeatable levels by time:
     D:9: 1382 daAuts
     D:5: 931 daAuts
     D:7: 903 daAuts
     D:3: 845 daAuts
     D:8: 816 daAuts
     D:6: 791 daAuts
     D:1: 749 daAuts
     D:2: 682 daAuts
    D:11: 658 daAuts
    D:10: 597 daAuts
     D:4: 570 daAuts
   IceCv: 427 daAuts
    D:12: 120 daAuts
